 Dungeon Crawl Stone Soup version 0.31-a0-1074-g0b22e4e0f1 (webtiles) character file.

Game seed: 5010044163734376026

2136386 Forgeling the Cloud Mage (level 27, 224/224 HPs)
             Began as a Barachi Venom Mage on Nov 26, 2023.
             Was the Champion of Cheibriados.
             Escaped with the Orb
             ... and 4 runes on Nov 27, 2023!
             The game lasted 04:57:36 (81558 turns).

Forgeling the Cloud Mage (Barachi Venom Mage)      Turns: 81558, Time: 04:57:37

Health: 224/224    AC: 49    Str: 31    XL:     27
Magic:  43/43      EV: 20    Int: 47    God:    Cheibriados [******]
Gold:   5496       SH: 26    Dex: 30    Spells: 23/68 levels left

rFire   + . .        b - +9 broad axe (heavy)
rCold   + + .        c - +1 kite shield "Diriwipo" {Str+5}
rNeg    + + +        l - +12 gold dragon scales
rPois   +            p - +1 helmet
rElec   +            s - +2 cloak {Will+}
rCorr   +            f - +2 pair of gloves {hurl}
SInv    +            W - +2 pair of boots
Will    ++++.        T - brooch of Shielding {Spirit SH+8} Stlth
                     t - ring of the Iron Devil {Contam rElec rPois rN+++ Int+6}
HPRegen 0.57/turn    j - ring "Inloex" {Will+ rCorr SInv}
MPRegen 0.28/turn

%: guardian spirit
@: studying 3 skills, very slow
A: amphibious, slowness 1, strong legs 2, +LOS, cold resistance 1, low MP 1,
electricity resistance, MP-powered wands
0: Orb of Zot
}: 4/15 runes: barnacled, slimy, silver, gossamer
a: Hop, Renounce Religion, Bend Time, Temporal Distortion, Slouch, Step From
Time


You escaped.
You worshipped Cheibriados.
Cheibriados was exalted by your worship.
You visited 11 branches of the dungeon, and saw 53 of its levels.
You visited 1 bazaar.
You also visited: Sewer, Bailey and Ice Cave.

You collected 10057 gold pieces.
You spent 4561 gold pieces at shops.

Inventory:

Hand Weapons
 a - a +9 vampiric broad axe
 b - a +9 heavy broad axe (weapon)
Missiles
 n - 5 curare-tipped darts
 u - 8 throwing nets
 v - 47 boomerangs
 w - 6 javelins
Armour
 c - the +1 kite shield "Diriwipo" (worn) {Str+5}
   (You acquired it on level 3 of the Realm of Zot)

   Str+5:     It affects your strength (+5).
 f - a +2 pair of gloves of hurling (worn)
 l - +12 gold dragon scales (worn)
 p - a +1 helmet (worn)
 s - a +2 cloak of willpower (worn)
 W - a +2 pair of boots (worn)
Jewellery
 j - the ring "Inloex" (right hand) {Will+ rCorr SInv}
   (You took it off a vault sentinel on level 5 of the Vaults)

   [ring of resist corrosion]

   Will+:     It increases your willpower.
   SInv:      It lets you see invisible.
   rCorr:     It protects you from acid and corrosion.
 k - the ring "Uqyr Ykk" {rPois rF+ rN+ rCorr}
   (You took it off a vault guard on level 5 of the Vaults)

   [ring of positive energy]

   rF+:       It protects you from fire.
   rPois:     It protects you from poison rN+: It protects you from negative
   energy.
   rCorr:     It protects you from acid and corrosion.
 m - the amulet of Grontol {RegenMP rN+ Int+4}
   (You took it off a mummy priest on level 2 of the Depths)

   [amulet of magic regeneration]

   RegenMP:   It increases your rate of magic regeneration.
   Int+4:     It affects your intelligence (+4).
   rN+:       It protects you from negative energy.
 t - the ring of the Iron Devil (left hand) {Contam rElec rPois rN+++ Int+6}
   (You bought it in a shop on level 12 of the Dungeon)

   [ring of intelligence]

   Int+6:     It affects your intelligence (+6).
   rElec:     It insulates you from electricity.
   rPois:     It protects you from poison rN+++: It renders you almost immune to
   negative energy.
   Contam:    It causes magical contamination when unequipped.
 T - the brooch of Shielding (around neck) {Spirit SH+8}
   (You took it off a vault guard on level 5 of the Vaults)

   [amulet of guardian spirit]

   Spirit:    It causes incoming damage to be divided between your reserves of
   health and magic.
   SH+8:      It affects your SH (+8).
Wands
 d - a wand of digging (31)
 e - a wand of paralysis (29)
 h - a wand of acid (7)
 i - a wand of iceblast (35)
 y - a wand of mindburst (37)
Scrolls
 o - 5 scrolls of amnesia
 q - 2 scrolls of brand weapon
 r - 2 scrolls of enchant weapon
 D - 4 scrolls of blinking
 E - 7 scrolls of fear
 F - 13 scrolls of fog
 K - 8 scrolls of immolation
 P - 4 scrolls of poison
 S - 4 scrolls of summoning
 V - 9 scrolls of vulnerability
 X - 4 scrolls of revelation {@r4}
 Y - 23 scrolls of teleportation {@r3}
Potions
 A - 2 potions of attraction
 B - 10 potions of brilliance
 C - 6 potions of cancellation
 G - 4 potions of ambrosia
 H - 8 potions of enlightenment
 I - 2 potions of invisibility
 J - 18 potions of curing {@q1}
 M - 3 potions of might
 N - 6 potions of heal wounds {@q2}
 Q - 6 potions of magic
 R - 2 potions of resistance
 U - 5 potions of mutation
Miscellaneous
 g - a condenser vane
 z - a box of beasts


   Skills:
 - Level 20.0 Fighting
 - Level 18.0 Axes
 - Level 20.0 Armour
 - Level 16.0 Dodging
 - Level 10.0 Stealth
 - Level 15.0 Shields
 - Level 21.0 Spellcasting
 - Level 9.0 Summonings
 - Level 9.0 Transmutations
 - Level 22.0 Air Magic
 - Level 8.0 Earth Magic
 - Level 11.1 Poison Magic
 + Level 14.7 Invocations
 - Level 13.0 Evocations


You had 23 spell levels left.
You knew the following spells:

 Your Spells              Type           Power      Damage    Failure   Level
c - Animate Armour        Summ/Erth      100%       N/A       1%          4
f - Summon Lightning Spi  Summ/Air       100%       N/A       1%          4
g - Ignite Poison         Fire/Tmut/Pois 84%        N/A       1%          3
h - Eringya's Noxious Bo  Tmut/Pois      48%        4d6       11%         6
q - Maxwell's Capacitive  Air            65%        ∞         3%          8
v - Lee's Rapid Deconstr  Erth           45%        3d22*     4%          5
w - Olgreb's Toxic Radia  Pois           100%       N/A       1%          4
x - Plasma Beam           Fire/Air       50%        2x1d65    8%          6
y - Irradiate             Conj/Tmut      37%        3d24      19%         5

Your spell library contained the following spells:

 Spells                   Type           Power      Damage    Failure   Level
 Poisonous Vapours        Pois/Air       100%       N/A       0%          2
 Airstrike                Air            65%        2d(10-26) 0%          4
 Sandblast                Erth           100%       2d20      1%          1
 Shock                    Conj/Air       100%       1d9       1%          1
 Sting                    Tmut/Pois      100%       1d8       1%          1
 Summon Small Mammal      Summ           100%       N/A       1%          1
 Call Imp                 Summ           100%       N/A       1%          2
 Cigotuvi's Dreadful Rot  Necr/Pois/Air  100%       N/A       1%          2
 Passwall                 Tmut/Erth      76%        N/A       1%          2
 Call Canine Familiar     Summ           93%        N/A       1%          3
 Mephitic Cloud           Conj/Pois/Air  100%       N/A       1%          3
 Summon Guardian Golem    Hex/Summ       75%        N/A       1%          3
 Petrify                  Tmut/Erth      92%        N/A       1%          4
 Alistair's Intoxication  Tmut/Pois      64%        N/A       1%          5
 Silence                  Hex/Air        50%        N/A       1%          5
 Stone Arrow              Conj/Erth      100%       3d13      2%          3
 Apportation              Tloc           98%        N/A       4%          1
 Freeze                   Ice            100%       1d10      4%          1
 Kiss of Death            Conj/Necr      100%       2d13      4%          1
 Magic Dart               Conj           100%       1d8       4%          1
 Necrotise                Necr           100%       1d9       4%          1
 Freezing Cloud           Conj/Ice/Air   43%        6-21      6%          5
 Jinxbite                 Hex            98%        N/A       7%          2
 Lesser Beckoning         Tloc           98%        N/A       7%          2
 Momentum Strike          Conj/Tloc      98%        3d10      7%          2
 Scorch                   Fire           98%        2d9       7%          2
 Sublimation of Blood     Necr           49%        N/A       7%          2
 Summon Ice Beast         Ice/Summ       75%        N/A       7%          4
 Conjure Ball Lightning   Conj/Air       50%        3x3d17    8%          6
 Brom's Barrelling Bould  Conj/Erth      72%        2d9       9%          4
 Leda's Liquefaction      Hex/Erth       36%        N/A       9%          4
 Dazzling Flash           Conj/Hex       98%        N/A       13%         3
 Frozen Ramparts          Ice            98%        1d15      13%         3
 Gell's Gravitas          Tloc           49%        N/A       13%         3
 Hailstorm                Conj/Ice       49%        3d11      13%         3
 Ozocubu's Armour         Ice            49%        N/A       13%         3
 Sigil of Binding         Hex            49%        N/A       13%         3
 Teleport Other           Tloc           49%        N/A       13%         3
 Tukima's Dance           Hex            49%        N/A       13%         3
 Volatile Blastmotes      Fire/Tloc      98%        2d18      13%         3
 Summon Cactus Giant      Summ           46%        N/A       17%         6
 Summon Forest            Summ/Tloc      37%        N/A       19%         5
 Summon Mana Viper        Hex/Summ       75%        N/A       19%         5
 Yara's Violent Unravell  Hex/Tmut       37%        3d15      19%         5
 Borgnjor's Vile Clutch   Necr/Erth      36%        N/A       24%         5
 Animate Dead             Necr           49%        N/A       41%         4
 Cause Fear               Hex            24%        N/A       41%         4
 Dimensional Bullseye     Hex/Tloc       24%        N/A       41%         4
 Dispel Undead            Necr           49%        3d18      41%         4
 Flame Wave               Conj/Fire      49%        2d12      41%         4
 Fulminant Prism          Conj/Hex       24%        3d12      41%         4
 Iskenderun's Mystic Bla  Conj/Tloc      49%        2d11      41%         4
 Manifold Assault         Tloc           49%        N/A       41%         4
 Passage of Golubria      Tloc           49%        N/A       41%         4
 Sticky Flame             Conj/Fire      49%        2d7       41%         4
 Monstrous Menagerie      Summ           46%        N/A       67%         7
 Summon Hydra             Summ           46%        N/A       67%         7
 Agony                    Necr           49%        N/A       77%         5
 Fireball                 Conj/Fire      24%        3d11      77%         5
 Iskenderun's Battlesphe  Conj           49%        2d10      77%         5
 Metabolic Englaciation   Hex/Ice        24%        N/A       77%         5
 Haunt                    Necr/Summ      37%        N/A       99%         7
 Malign Gateway           Summ/Tloc      37%        N/A       99%         7
 Death Channel            Necr           24%        N/A       100%        6
 Dispersal                Tloc           24%        N/A       100%        6
 Simulacrum               Ice/Necr       24%        N/A       100%        6
 Starburst                Conj/Fire      24%        6d8       100%        6
 Orb of Destruction       Conj           24%        9d9       100%        7
 Discord                  Hex            24%        N/A       100%        8
 Disjunction              Tloc           24%        N/A       100%        8
 Ignition                 Fire           24%        3d8       100%        8
 Infestation              Necr           24%        N/A       100%        8
 Summon Horrible Things   Summ           46%        N/A       100%        8
 Chain Lightning          Conj/Air       50%        3d66      100%        9
 Dragon's Call            Summ           46%        N/A       100%        9
 Fire Storm               Conj/Fire      24%        8d6       100%        9
 Polar Vortex             Ice            24%        12d3*     100%        9
 Shatter                  Erth           45%        3d35*     100%        9


Dungeon Overview and Level Annotations

Branches:
Dungeon (15/15)            Temple (0/1) D:7            Lair (5/5) D:10
 Shoals (4/4) Lair:3       Spider (4/4) Lair:3        Slime (5/5) Lair:4
    Orc (2/2) D:11            Elf (3/3) Orc:2        Vaults (5/5) D:14
  Crypt (0/3) Vaults:2     Depths (4/4) D:15           Hell (visited)
    Dis (0/7) Hell            Geh (0/7) Hell            Coc (0/7) Hell
    Tar (0/7) Hell            Zot (5/5) Depths:4      Sewer (visited)
 Bailey (visited)           IceCv (visited)

Altars:
Ashenzari
Cheibriados
Dithmenos
Fedhas
Gozag
Hepliaklqana
Kikubaaqudgha
Nemelex Xobeh
Okawaru
Ru
Sif Muna
Uskayaw
Vehumet
Wu Jian
Xom
Yredelemnul
Jiyva

Shops:
D:3 !   D:9 :   D:12 =!   D:14 *   Orc:2 [((:   Elf:1 ::=   Elf:3 :
Shoals:3 [   Vaults:2 (

Portals:
Hell: Depths:1 Depths:2 Depths:3 Depths:4
Abyss: Depths:3 Depths:4
Pandemonium: Depths:2 Depths:4
Ziggurat: Depths:1

Annotations:
Zot:4 3 runed translucent doors, Sundig's ghost, master DsFi; jestert79's ghost, legendary GnSh


Innate Abilities, Weirdness & Mutations

You are amphibious.
You cover ground slowly.
You can hop long distances.
You have an extended range of vision and can be seen from far away.
Your flesh is cold resistant. (rC+)
Your magical capacity is low. (-10% MP)
You are resistant to electric shocks. (rElec)
You expend magic power (3 MP) to strengthen your wands.


Message History

You climb upwards.
Magic restored.
There is a stone staircase leading down here.
HP restored.
A green death comes into view.
Unknown command.
Aiming: Dig
Press: ? - help, Shift-Dir - straight line A rock wall.
This square is covered in magical glow.
You feel a surge of power!
The rock shatters into small pieces.
The green death gestures at you.
You barely miss the green death. You carve the green death like a ham!!!
The green death is severely wounded.
You slice the green death!!
The green death is almost dead.
You closely miss the green death.
The green death is almost dead.
The green death gestures at you.
You chop the green death into pieces!!!
You kill the green death!
Cheibriados appreciates the change of pace.
No target in view!
There is a stone staircase leading up here.
You climb upwards.
There is a stone staircase leading down here.
What level of the Dungeon? (default 1, ? - help)
There is a stone staircase leading up here.
You climb upwards.
There is a stone staircase leading down here.
Unknown command.
Aiming: Dig
Press: ? - help, Shift-Dir - straight line A rock wall.
This square is covered in magical glow.
You feel a surge of power!
The rock shatters into small pieces.
You enter the deep water.
An Orb Guardian comes into view.
There is a staircase leading out of the dungeon here.
You have escaped!

....#####.##..###.............#
..............................#
>.........##.#########........#
.†............................##
....#.....#....................##
...##..........#.#####.........##
...##.....#..###≈≈≈≈≈##'#........
..........#.###........8###......
...##.....#.##..@.........+......
...##.....#####........8###......
...##.....# ##≈≈≈≈≈##+#..(.....
...######## ##.#####.........##
..#############.X...........#####
...)........................####
.##############.......##.......##
..##### ####.......#.........#
......######............#.....###


You could see an Orb Guardian.

Vanquished Creatures
  the Royal Jelly (Slime:5)
  2 dread liches (Zot:5)
  5 orbs of fire
  Mara (Shoals:3)
  3 ancient liches
  A juggernaut (Depths:2)
  Parghit (Zot:3)
  Bai Suzhen (Shoals:3)
  4 Killer Klowns
  Xtahua (Depths:3)
  Geryon (Hell)
  3 caustic shrikes (Depths:4)
  8 golden dragons
  Arachne (Spider:2)
  The ghost of Rutraf the Master Archer, a veteran DEHs of Fedhas (Depths:2)
  Norris (Elf:2)
  2 Brimstone Fiends
  2 hellephants
  4 electric golems
  18 tentacled monstrosities
  Mlioglotl (Shoals:4)
  2 pandemonium lords
  3 liches
  27 Orb Guardians
  7 quicksilver dragons
  Murray (Depths:1)
  2 deep elf master archers (Elf:3)
  17 acid blobs
  A walking divine tome (Depths:2)
  2 deep elf blademasters (Elf:3)
  9 searing wretches (Depths:1)
  4 ancient champions
  5 sphinxes
  An Executioner (Depths:1)
  Polyphemus (Shoals:3)
  12 death cobs
  7 shadow dragons
  The ghost of Onluw the Peltast, an adept DsWn of Cheibriados (Shoals:3)
  16 storm dragons
  15 draconian monks
  A revenant (Vaults:2)
  6 tengu reavers
  6 rockslimes
  8 fire giants
  Ilsuiw (Shoals:3)
  11 azure jellies
  11 frost giants
  6 draconian knights
  4 emperor scorpions (Spider:4)
  10 ghost moths
  A balrug (Depths:1)
  An orc warlord (Vaults:3)
  9 draconian scorchers
  2 iron dragons (Depths:3)
  4 broodmothers
  8 deep elf sorcerers
  2 spectral caustic shrikes (Depths:2)
  Louise (Elf:2)
  16 vault wardens
  10 draconian stormcallers
  4 deep elf elementalists (Elf:3)
  8 draconian shifters
  24 ironbound preservers
  2 war gargoyles
  7 draconian annihilators
  4 quicksilver oozes
  A spriggan defender (Depths:1)
  3 reapers
  The ghost of Fatraim the Brawler, a journeyman TrGl of Wu Jian (Lair:3)
  A cacodemon (Depths:2)
  7 formless jellyfish
  7 vampire knights
  39 very ugly things
  9 ironbound thunderhulks
  26 green draconians
  21 stone giants
  6 deep elf demonologists
  13 red draconians
  8 black draconians
  17 yellow draconians
  A lorocyproca (Depths:2)
  A wendigo (Hell)
  12 deep elf annihilators
  12 white draconians
  9 dire elephants
  7 spark wasps
  10 purple draconians
  A spark wasp (shapeshifter) (Vaults:5)
  A green death (D:3)
  4 crystal guardians
  13 deep elf death magi
  7 fire dragons
  11 ettins
  Snorg (Lair:5)
  A merfolk javelineer (Shoals:3)
  14 merfolk impalers
  4 deep elf high priests (Elf:3)
  A mummy priest (Depths:2)
  Josephine (D:14)
  3 hydras
  5 entropy weavers
  Fannar (Orc:1)
  8 ice dragons
  An ice dragon (shapeshifter) (Depths:1)
  17 yaktaur captains
  32 vault guards
  Harold (D:10)
  3 peacekeepers
  2 rakshasas
  9 great orbs of eyes
  A spriggan zombie (Depths:1)
  2 alligator snapping turtles
  2 hell beasts
  3 radroaches
  3 spriggan air magi
  2 spriggan skeletons (Depths:2)
  Erica (D:7)
  2 ogre magi
  A jorogumo (Spider:4)
  A juggernaut simulacrum (Hell)
  The ghost of ranchalot the Martial Artist, a journeyman OpSh of Uskayaw (Orc:2)
  A stoker (Hell)
  33 dancing weapons
  12 ironbound frosthearts
  2 merfolk avatars
  10 death yaks
  3 two-headed ogres
  21 centaur warriors
  4 merfolk aquamancers
  9 boulder beetles
  4 demonic crawlers
  5 deep troll shamans
  7 tengu warriors
  8 deep troll earth magi
  12 hell hogs
  4 vampire magi
  12 orc high priests
  11 deep elf knights
  4 spriggan berserkers
  3 occultists
  10 hell knights
  2 sun demons
  3 shadow wraiths
  5 iron trolls
  2 pharaoh ants
  A cherub (Zot:2)
  6 skysharks
  A quicksilver dragon simulacrum (Hell)
  A skeletal warrior (Vaults:2)
  2 sun moths
  2 shadow demons (Depths:2)
  A golden dragon zombie (Depths:2)
  8 sea snakes
  4 flayed ghosts
  65 deep trolls
  6 phantasmal warriors
  7 glowing orange brains
  10 lindwurms
  11 orb spiders
  2 spriggan simulacra (Hell)
  10 deep elf archers
  7 necromancers
  5 arcanists
  6 steelbarb worms
  22 ironbound convokers
  34 ugly things
  7 orc knights
  31 deep elf pyromancers
  27 deep elf zephyrmancers
  A fenstrider witch simulacrum (Hell)
  10 harpies
  25 wolf spiders
  An orc sorcerer (Orc:2)
  7 fauns
  Maurice (D:11)
  11 cyclopes
  12 manticores
  7 shining eyes
  2 frost giant zombies (Depths:2)
  An iron dragon skeleton (Depths:2)
  A tengu skeleton (Depths:2)
  42 moths of wrath
  12 merfolk sirens
  A guardian serpent (Lair:5)
  A toenail golem (Depths:4)
  6 torpor snails
  A stone giant skeleton (Depths:1)
  6 water nymphs
  An ice statue (IceCv)
  17 vault sentinels
  An eye of devastation (Slime:5)
  A smoke demon (Depths:4)
  4 gargoyles
  5 cane toads
  An orange demon (D:8)
  Psyche (D:8)
  2 kobold demonologists (Depths:2)
  5 tengu conjurers
  An ice devil (D:11)
  4 rime drakes
  4 komodo dragons
  A hellion (Depths:4)
  2 freezing wraiths (Vaults:5)
  A tormentor (Hell)
  An anaconda simulacrum (Hell)
  18 yaktaurs
  5 trolls
  39 merfolk
  3 polar bears
  11 meliai
  9 hornets
  7 wind drakes
  10 blink frogs
  A glass eye (shapeshifter) (Vaults:5)
  34 tarantellas
  12 snapping turtles
  Prince Ribbit (D:6)
  13 dream sheep
  2 jumping spiders (shapeshifter)
  38 slime creatures
  2 glass eyes
  26 jumping spiders
  3 spriggans (Depths:4)
  2 ettin skeletons
  14 water elementals
  23 culicivoras
  2 wraiths (D:15)
  9 wyverns
  A ynoxinul (Depths:2)
  A steam dragon (Lair:2)
  5 golden eyes
  55 yaks
  2 fire elementals
  Eustachio (D:4)
  Grum (D:10)
  10 vampire mosquitoes
  10 humans
  80 redbacks
  A warg (shapeshifter) (Vaults:5)
  2 swamp worms
  5 wargs (Orc:2)
  2 harpy simulacra (Hell)
  Edmund (D:4)
  An acid dragon (shapeshifter) (Vaults:5)
  12 water moccasins
  Duvessa (D:4)
  19 orc warriors
  2 ettin simulacra
  A black bear (Lair:3)
  An ice beast (D:6)
  A sky beast (D:7)
  11 ogres
  31 wolves
  4 boggarts
  2 phantoms (D:6)
  4 centaurs
  4 kobold brigands
  20 bullfrogs
  A gnoll sergeant (D:6)
  11 scorpions
  2 wights
  10 killer bees
  Dowan (D:4)
  An electric eel (Lair:5)
  4 howler monkeys
  6 quasits
  6 hounds
  7 jellies
  35 orc priests
  4 gnoll boudas
  Ijyb (D:5)
  An iguana (D:7)
  Jessica (D:2)
  22 orc wizards
  Robin (D:2)
  9 adders
  15 gnolls
  A river rat (D:6)
  4 shadow imps (Sewer)
  6 white imps
  6 ufetubi
  5 worms
  3 dart slugs
  87 orcs
  4 bats
  8 endoplasms
  10 giant cockroaches
  10 hobgoblins
  8 quokkas
  9 ball pythons
  2 frilled lizards
  2 giant cockroach zombies (Sewer)
  19 goblins
  34 kobolds
  3 rats
  3 butterflies (D:7)
  3 fire vortices (Hell)
2336 creatures vanquished.

Vanquished Creatures (collateral kills)
  An emperor scorpion (Spider:4)
  A spectral caustic shrike (Depths:2)
  A broodmother (Spider:2)
  2 fire dragons
  2 hydras
  A jorogumo (Spider:2)
  A radroach (Spider:2)
  5 dancing weapons
  A catoblepas (Shoals:3)
  7 death yaks
  A two-headed ogre (Orc:2)
  7 demonic crawlers
  Amaemon (D:8)
  3 pharaoh ants (Spider:1)
  A skyshark (Lair:4)
  An orb spider (Spider:3)
  3 harpies (Shoals:2)
  A deep elf zephyrmancer (Elf:1)
  A deep elf pyromancer (Elf:2)
  2 ugly things
  5 black mambas
  A gargoyle (D:9)
  9 cane toads
  2 rime drakes (IceCv)
  3 komodo dragons
  A meliai (Spider:4)
  A polar bear (shapeshifter) (D:13)
  4 polar bears
  A troll (D:13)
  A tarantella (Spider:2)
  2 shadows (D:12)
  2 culicivoras
  9 slime creatures
  2 wraiths
  3 wyverns
  7 water elementals
  An air elemental (Elf:2)
  8 yaks
  A fire elemental (Elf:2)
  A basilisk (Lair:1)
  2 redbacks (Spider:2)
  5 vampire mosquitoes
  A swamp worm (D:8)
  4 wargs (Orc:2)
  An acid dragon (D:10)
  18 water moccasins
  2 orc warriors (Orc:2)
  A black bear (D:10)
  3 wolves
  An ogre (Orc:2)
  4 earth elementals
  19 wights
  2 jellies (D:8)
  A wolf simulacrum (Lair:2)
  A kobold (D:10)
172 creatures vanquished.

Vanquished Creatures (others)
  A deep elf knight (Elf:3)
  A sixfirhy (Depths:4)
  2 deep elf zephyrmancers (Elf:2)
  A storm dragon simulacrum (Hell)
  An earth elemental (Elf:3)
  2 endoplasms (Sewer)
  A goblin (D:8)
  3 creeping infernos (Hell)
12 creatures vanquished.

Grand Total: 2520 creatures vanquished

Notes
Turn   | Place    | Note
-------+----------+-------------------------------------------
     0 | D:1      | Forgeling the Barachi Venom Mage began the quest for the
                  | Orb.
     0 | D:1      | Reached XP level 1. HP: 13/13 MP: 3/3
   166 | D:1      | Reached XP level 2. HP: 8/19 MP: 0/5
   223 | D:1      | Learned a level 2 spell: Poisonous Vapours
   471 | D:1      | Reached XP level 3. HP: 23/24 MP: 3/6
   732 | D:2      | Noticed Jessica
   878 | D:2      | Reached skill level 5 in Poison Magic
   980 | D:2      | Killed Jessica
   981 | D:2      | Reached XP level 4. HP: 16/30 MP: 3/7
  1267 | D:2      | Found a faded altar of an unknown god.
  1467 | D:2      | Noticed Robin
  1505 | D:2      | Killed Robin
  1506 | D:2      | Reached XP level 5. HP: 12/35 MP: 1/8
  1910 | D:2      | Learned a level 3 spell: Mephitic Cloud
  2021 | D:3      | Found an ancient bone altar of Kikubaaqudgha.
  2044 | D:3      | Found Zurez's General Store.
  2500 | D:3      | Found Iraocaq's Distillery.
  2554 | D:3      | Bought a potion of heal wounds for 50 gold pieces
  2554 | D:3      | Bought a potion of lignification for 30 gold pieces
  2865 | D:3      | Found a sparkling altar of Nemelex Xobeh.
  3318 | D:4      | Reached XP level 6. HP: 35/41 MP: 2/10
  3441 | D:4      | Noticed Dowan
  3597 | D:4      | Noticed Eustachio
  3607 | D:4      | Killed Eustachio
  3676 | D:4      | Found an iron altar of Okawaru.
  3694 | D:4      | Noticed Grinder
  3757 | D:4      | Reached XP level 7. HP: 35/46 MP: 7/11
  3786 | D:5      | Entered Level 5 of the Dungeon
  4768 | D:5      | Reached skill level 5 in Spellcasting
  4777 | D:5      | Reached skill level 1 in Fighting
  4853 | D:5      | Noticed Ijyb
  4863 | D:5      | Killed Ijyb
  5726 | D:6      | Reached skill level 1 in Evocations
  5726 | D:6      | Reached XP level 8. HP: 31/56 MP: 2/15
  5884 | D:6      | Noticed Prince Ribbit
  5900 | D:6      | Killed Prince Ribbit
  6135 | D:6      | Reached skill level 5 in Fighting
  6135 | D:6      | Reached skill level 5 in Evocations
  6246 | D:6      | Found a glowing drain.
  6254 | Sewer    | Entered a sewer
  6338 | Sewer    | Reached XP level 9. HP: 55/68 MP: 12/16
  6346 | Sewer    | Learned a level 3 spell: Call Canine Familiar
  6447 | Sewer    | Found a burning altar of Makhleb.
  6497 | Sewer    | Reached skill level 1 in Summonings
  6743 | Sewer    | Learned a level 4 spell: Olgreb's Toxic Radiance
  6773 | D:6      | Found a blossoming altar of Fedhas.
  6872 | D:4      | Grinder changed into Grinder the ufetubus
  6872 | D:4      | Noticed Grinder
  6887 | D:4      | Killed Grinder the ufetubus
  6985 | D:4      | Noticed Duvessa
  7003 | D:4      | Killed Duvessa
  7114 | D:4      | Noticed Edmund
  7135 | D:4      | Killed Dowan
  7136 | D:4      | Killed Edmund
  7518 | D:4      | Found a snail-covered altar of Cheibriados.
  7537 | D:4      | Became a worshipper of Cheibriados the Contemplative
  7772 | D:7      | Found a staircase to the Ecumenical Temple.
  7889 | D:7      | Reached skill level 5 in Summonings
  7894 | D:7      | Found a runed translucent door.
  7895 | D:7      | Found a runed translucent door.
  7899 | D:7      | Reached * piety under Cheibriados
  8330 | D:7      | Reached ** piety under Cheibriados
  8457 | D:7      | Reached XP level 10. HP: 77/77 MP: 14/22
  8654 | D:7      | Found an ornate altar of the Wu Jian Council.
  8671 | D:7      | Found a hazy altar of Hepliaklqana.
  8672 | D:7      | Found a basalt altar of Yredelemnul.
  9223 | D:8      | Found a flagged portal.
  9301 | Bailey   | Entered a bailey
  9311 | Bailey   | Reached skill level 1 in Invocations
  9567 | Bailey   | Reached *** piety under Cheibriados
  9714 | Bailey   | Noticed a vault guard
  9766 | Bailey   | Killed a vault guard
  9767 | Bailey   | Reached skill level 10 in Spellcasting
  9867 | Bailey   | Noticed a vault guard
  9873 | Bailey   | Reached XP level 11. HP: 84/84 MP: 25/25
  9878 | Bailey   | Killed a vault guard
 10046 | D:8      | Found an opulent altar of Gozag.
 10086 | D:8      | Reached skill level 5 in Invocations
 10173 | D:8      | Noticed Erica
 10205 | D:7      | Reached XP level 12. HP: 71/86 MP: 10/26
 10271 | D:7      | Killed Erica
 10774 | D:8      | Reached **** piety under Cheibriados
 10922 | D:8      | Found a shimmering altar of Xom.
 10925 | D:8      | Noticed Psyche
 10963 | D:8      | Noticed Amaemon
 11518 | D:8      | Killed Psyche
 11577 | D:9      | Found a shimmering blue altar of Sif Muna.
 11911 | D:9      | Noticed a boulder beetle
 12027 | D:9      | Found a transporter.
 12028 | D:9      | Found a transporter.
 12089 | D:9      | Reached ***** piety under Cheibriados
 12136 | D:9      | Noticed a tengu warrior
 12147 | D:9      | Killed a tengu warrior
 12404 | D:9      | Reached skill level 1 in Shields
 12499 | D:9      | Found Kiocsysuez's Book Shop.
 12503 | D:9      | Bought a book of Iron for 416 gold pieces
 12508 | D:9      | Learned a level 4 spell: Summon Lightning Spire
 12513 | D:9      | Learned a level 4 spell: Animate Armour
 12714 | D:10     | Entered Level 10 of the Dungeon
 12733 | D:10     | Noticed Harold
 12749 | D:10     | Killed Harold
 13290 | D:10     | Found a staircase to the Lair.
 13310 | D:10     | Identified the ring "Appa" {Drain rC+ Dex+3}
 13371 | D:10     | Reached skill level 1 in Earth Magic
 13445 | D:10     | Noticed Grum
 13454 | D:10     | Killed Grum
 13832 | D:10     | Identified the +2 falchion of Xuocs {flame, *Noise rF+
                  | Dex+4}
 13911 | D:10     | Gained mutation: You can hop long distances. [Barachi
                  | growth]
 13911 | D:10     | Reached XP level 13. HP: 101/101 MP: 23/27
 13993 | D:10     | Learned a level 5 spell: Lee's Rapid Deconstruction
 14165 | D:11     | Noticed Maurice
 14177 | D:11     | Killed Maurice
 14187 | D:11     | Reached skill level 5 in Earth Magic
 14462 | D:11     | Found a staircase to the Orcish Mines.
 14543 | D:11     | Found the +7 great mace "Firestarter" {flame, immolate,
                  | rFlCloud rF++}
 14977 | D:8      | Killed Amaemon
 15421 | Lair:1   | Entered Level 1 of the Lair of Beasts
 15480 | Lair:1   | Reached ****** piety under Cheibriados
 15702 | Lair:1   | Identified a scroll of acquirement
 15707 | Lair:1   | Acquired a Fen Folio
 16076 | Lair:1   | Reached skill level 10 in Invocations
 16696 | Lair:2   | Found a frozen archway.
 16712 | IceCv    | Entered an ice cave
 17028 | IceCv    | Reached XP level 14. HP: 108/108 MP: 26/28
 17353 | IceCv    | Noticed a frost giant
 17360 | IceCv    | Killed a frost giant
 17361 | IceCv    | Reached skill level 10 in Poison Magic
 17570 | IceCv    | Got the Compilation of Cryomancy
 17851 | Lair:2   | Learned a level 6 spell: Eringya's Noxious Bog
 18696 | Lair:3   | Found a runed translucent gate.
 18805 | Lair:3   | Found a runed translucent gate.
 18805 | Lair:3   | Found a runed translucent gate.
 18827 | Lair:3   | Noticed Fatraim's ghost (journeyman TrGl)
 18925 | Lair:3   | Found a viscous altar of Jiyva.
 19600 | Lair:3   | Found a hole to the Spider Nest.
 20308 | Lair:4   | Found a staircase to the Slime Pits.
 20491 | Lair:4   | Reached skill level 5 in Transmutations
 20870 | Lair:5   | Entered Level 5 of the Lair of Beasts
 21017 | Lair:5   | Noticed Snorg
 21137 | Lair:5   | Reached skill level 1 in Armour
 21145 | Lair:5   | Reached XP level 15. HP: 113/113 MP: 24/31
 21627 | Lair:5   | Reached skill level 10 in Fighting
 21857 | Lair:5   | Killed Snorg
 22512 | D:12     | Found Umoytapn's One-of-a-Kind Rings.
 22683 | D:12     | Found a runed translucent door.
 22684 | D:12     | Noticed a sphinx
 23058 | D:12     | Found Dyus's Distillery.
 23302 | D:12     | Reached skill level 5 in Armour
 23303 | D:12     | Killed a sphinx
 23311 | D:12     | Identified the +6 sling of Ashenzari {flame, rC- rN++
                  | Dex+5}
 23314 | D:12     | Got the Codex of Bruises
 23315 | D:12     | Identified the staff "Hydrabane" {rPois Int+4 Stlth+
                  | Poison}
 23482 | Orc:1    | Entered Level 1 of the Orcish Mines
 23690 | Orc:2    | Entered Level 2 of the Orcish Mines
 23807 | Orc:2    | Found a staircase to the Elven Halls.
 24063 | Orc:1    | Noticed Fannar
 24072 | Orc:1    | Killed Fannar
 24191 | Orc:1    | Found a shimmering blue altar of Sif Muna.
 24827 | Orc:2    | Found Luuckank's Weapon Boutique.
 24827 | Orc:2    | Found Moraiw's Antique Armour Shoppe.
 24923 | Orc:2    | Found a runed translucent gate.
 24923 | Orc:2    | Found a runed translucent gate.
 24923 | Orc:2    | Found a runed translucent gate.
 24927 | Orc:2    | Noticed ranchalot's ghost (journeyman OpSh)
 25064 | Orc:2    | Found Nexkuweu's Book Boutique.
 25064 | Orc:2    | Found Amasen's Antique Weapon Shoppe.
 25145 | Orc:2    | Killed ranchalot's ghost
 25380 | Orc:2    | Learned a level 5 spell: Irradiate
 25419 | Orc:2    | Bought an Everburning Encyclopedia for 648 gold pieces
 25423 | Orc:2    | Learned a level 3 spell: Ignite Poison
 25515 | D:12     | Reached XP level 16. HP: 123/127 MP: 33/33
 25637 | D:13     | Found a transporter.
 25637 | D:13     | Found a transporter.
 25638 | D:13     | Found a transporter.
 25639 | D:13     | Found a transporter.
 25819 | D:13     | Identified the +3 long sword of the Evening {spect, +Blink
                  | rElec rF+}
 26826 | D:14     | Found Plog's Assorted Antiques.
 27164 | D:14     | Found a gate to the Vaults.
 27421 | D:14     | Found a shadowy altar of Dithmenos.
 27639 | D:15     | Entered Level 15 of the Dungeon
 27796 | D:15     | Noticed Josephine
 27844 | D:14     | Killed Josephine
 28604 | D:15     | Found a staircase to the Depths.
 28986 | D:14     | Bought a crude copper ring for 140 gold pieces
 28986 | D:14     | Identified the ring of Circularity {rPois rC- Str+6 Int+9}
                  | (You bought it in a shop on level 14 of the Dungeon)
 28989 | D:14     | Bought a pair of glowing boots for 210 gold pieces
 29085 | D:12     | Bought the ring of the Iron Devil {Contam rElec rPois rN+++
                  | Int+6} for 974 gold pieces
 29323 | Spider:1 | Entered Level 1 of the Spider Nest
 29485 | Spider:1 | You fall into a shaft and drop 1 floor!
 29485 | Spider:2 | Noticed Arachne
 29659 | Spider:1 | Reached skill level 10 in Armour
 29871 | Spider:1 | Reached skill level 5 in Stealth
 30897 | Spider:2 | Reached XP level 17. HP: 120/133 MP: 19/35
 31097 | Spider:2 | Reached skill level 5 in Dodging
 31542 | Spider:2 | Killed Arachne
 32877 | Spider:3 | Reached skill level 5 in Shields
 33547 | Spider:4 | Entered Level 4 of the Spider Nest
 33933 | Spider:4 | Reached skill level 10 in Stealth
 33943 | Spider:4 | Gained mutation: Potions are less effective at restoring
                  | your health. [mutagenic glow]
 33951 | Spider:4 | Gained mutation: You occasionally shout uncontrollably at
                  | your foes. [mutagenic glow]
 34624 | Spider:4 | Reached XP level 18. HP: 98/142 MP: 15/36
 34919 | Shoals:1 | Entered Level 1 of the Shoals
 36306 | Shoals:2 | Reached skill level 15 in Spellcasting
 36974 | Shoals:3 | Noticed Polyphemus
 36984 | Shoals:3 | Killed Polyphemus
 37305 | Shoals:3 | Found Neox's Antique Armour Emporium.
 37346 | Shoals:3 | Found a runed translucent door.
 37375 | Shoals:3 | Found a shimmering altar of Xom.
 37375 | Shoals:3 | Noticed Onluw's ghost (adept DsWn)
 37436 | Shoals:3 | Noticed Bai Suzhen
 37444 | Shoals:3 | Noticed Mara
 37594 | Shoals:4 | Entered Level 4 of the Shoals
 37671 | Shoals:4 | Noticed Mlioglotl
 37995 | Elf:1    | Entered Level 1 of the Elven Halls
 38308 | Elf:1    | Reached skill level 15 in Fighting
 39090 | Elf:1    | Got the Precepts of Phantasmal Wounds
 39238 | Elf:1    | Found Raisoas's Book Shop.
 39239 | Elf:1    | Found Qiargh's Jewellery Emporium.
 39242 | Elf:1    | Found Yjimpaju's Book Shop.
 39280 | Elf:1    | Reached XP level 19. HP: 159/159 MP: 35/39
 39712 | Elf:2    | Paralysed by an air elemental for 1 turns
 40388 | Elf:2    | Found a runed translucent gate.
 40388 | Elf:2    | Found a runed translucent gate.
 40389 | Elf:2    | Found a runed translucent gate.
 40691 | Elf:3    | Entered Level 3 of the Elven Halls
 40887 | Elf:3    | Found a shimmering altar of Xom.
 41042 | Elf:3    | Found Cubi Ymo's One-of-a-Kind Books.
 41088 | Elf:3    | Found Suimpof's Antique Armour Shop.
 41184 | Elf:3    | Reached skill level 1 in Air Magic
 41185 | Elf:3    | Reached skill level 2 in Air Magic
 41331 | Elf:3    | Reached skill level 3 in Air Magic
 41385 | Elf:3    | Reached skill level 4 in Air Magic
 41451 | Elf:3    | Reached skill level 5 in Air Magic
 41455 | Elf:3    | Reached skill level 6 in Air Magic
 41457 | Elf:3    | Reached skill level 7 in Air Magic
 41833 | Elf:3    | Identified the ring "Soschirui" {rN+ rCorr}
 41839 | Elf:3    | Reached skill level 8 in Air Magic
 41992 | Elf:3    | Identified the staff of Zoadagg {rElec rN+ Conj}
 41998 | Elf:3    | Reached skill level 9 in Air Magic
 42301 | Elf:3    | Got the Handbook of Polluted Reformation
 42343 | Elf:3    | Got the Spellbook of the Sixfirhy
 42346 | Elf:3    | Got the Handbook of Posthumous Freezing
 42409 | Elf:3    | Reached XP level 20. HP: 170/170 MP: 20/40
 42410 | Elf:3    | Reached skill level 10 in Air Magic
 42510 | Elf:3    | Identified the +5 plate armour of the Bruised Persimmons
                  | {rC- rN+ Dex+4}
 42757 | Elf:1    | Bought a book of Spectacle for 672 gold pieces
 42766 | Elf:1    | Learned a level 8 spell: Maxwell's Capacitive Coupling
 43579 | Shoals:3 | Noticed Ilsuiw
 43592 | Shoals:3 | Killed Ilsuiw
 43807 | Shoals:3 | Killed Mara
 43808 | Shoals:3 | Reached skill level 11 in Air Magic
 43917 | Shoals:3 | Killed Bai Suzhen
 44233 | Shoals:3 | Killed Onluw's ghost
 44319 | Shoals:4 | Killed Mlioglotl
 44343 | Shoals:4 | Reached skill level 12 in Air Magic
 45382 | Shoals:4 | Found the sphere of Battle
 45665 | Shoals:4 | Got a barnacled rune of Zot
 46011 | Lair:3   | Killed Fatraim's ghost
 46740 | Spider:4 | Reached skill level 13 in Air Magic
 47535 | Spider:4 | Reached skill level 10 in Dodging
 47715 | Spider:4 | Identified the +1 hat "Xiusuw" {rN+}
 47738 | Spider:4 | Got a gossamer rune of Zot
 47782 | Spider:4 | Learned a level 6 spell: Plasma Beam
 48043 | Shoals:3 | Bought a runed buckler for 225 gold pieces
 48056 | Shoals:3 | Bought a glimmering troll leather armour for 600 gold
                  | pieces
 48056 | Shoals:3 | Identified the +0 troll leather armour of Lethargy {Rampage
                  | +Blink Regen+ MP-9} (You bought it in a shop on level 3 of
                  | the Shoals)
 48395 | Vaults:1 | Entered Level 1 of the Vaults
 48854 | Vaults:1 | Reached skill level 14 in Air Magic
 48867 | Vaults:1 | Reached XP level 21. HP: 87/177 MP: 17/42
 49227 | Vaults:1 | Reached skill level 15 in Air Magic
 49675 | Vaults:2 | Found Fekiutod's Weapon Boutique.
 50674 | Vaults:2 | Found a staircase to the Crypt.
 50782 | Vaults:2 | Reached skill level 10 in Shields
 51152 | Vaults:2 | Identified the ring "Hesip" {Fly Will+ Str+2 Int+6}
 51263 | Vaults:3 | Identified the ring "Qeam" {rPois Will++ Str+3 Stlth+}
 52073 | Vaults:3 | Reached XP level 22. HP: 170/184 MP: 36/43
 52801 | Vaults:3 | Acquired 678 gold pieces
 53250 | Vaults:4 | Identified the +3 battleaxe "Zyzedatu" {drain, rElec rN+
                  | Will- Int+6}
 53395 | Vaults:4 | Identified the +5 shortbow of Floral Valiance {heavy, rPois
                  | Int+3}
 53467 | Vaults:4 | Reached skill level 16 in Air Magic
 54219 | Vaults:4 | Paralysed by a formless jellyfish for 1 turns
 54322 | Vaults:4 | Paralysed by a formless jellyfish for 1 turns
 54325 | Vaults:4 | Paralysed by a formless jellyfish for 1 turns
 55312 | Elf:2    | Noticed Norris
 55323 | Elf:2    | Killed Norris
 55323 | Elf:2    | Noticed Louise
 55483 | Elf:2    | Killed Louise
 55761 | Elf:2    | Reached skill level 17 in Air Magic
 56524 | Depths:1 | Entered Level 1 of the Depths
 56532 | Depths:1 | Reached XP level 23. HP: 189/190 MP: 31/45
 56546 | Depths:1 | Reached skill level 5 in Axes
 56963 | Depths:1 | Found a sacrificial altar of Ru.
 57256 | Depths:1 | Found a gateway to Hell.
 57485 | Depths:1 | Found a one-way gateway to a ziggurat.
 57973 | Depths:1 | Reached skill level 10 in Axes
 58724 | Depths:2 | Gained mutation: You are frail. (-10% HP) [a cacodemon]
 58988 | Depths:2 | Noticed Rutraf's ghost (veteran DEHs)
 59081 | Depths:2 | Found a runed translucent door.
 59136 | Depths:2 | Found a one-way gate leading to the halls of Pandemonium.
 59664 | Depths:2 | Noticed a golden dragon
 59670 | Depths:2 | Killed a golden dragon
 60001 | Depths:2 | Found the ring of the Hare {EV+10}
 60028 | Depths:2 | Noticed a juggernaut
 60032 | Depths:2 | Killed a juggernaut
 60146 | Depths:2 | Found a shimmering blue altar of Sif Muna.
 60322 | Depths:2 | Identified the amulet of Grontol {RegenMP rN+ Int+4}
 60796 | Depths:2 | Reached XP level 24. HP: 177/177 MP: 45/45
 60990 | Depths:2 | Lost mutation: Potions are less effective at restoring your
                  | health. [potion of mutation]
 60990 | Depths:2 | Lost mutation: You occasionally shout uncontrollably at
                  | your foes. [potion of mutation]
 60990 | Depths:2 | Gained mutation: Your body sometimes deteriorates upon
                  | taking damage. [potion of mutation]
 60990 | Depths:2 | Gained mutation: Your flesh is cold resistant. (rC+)
                  | [potion of mutation]
 61003 | Depths:2 | Killed Rutraf's ghost
 61032 | Depths:2 | Identified the +1 hat of Greed {*Slow rElec Slay+3}
 61261 | Depths:3 | Reached skill level 15 in Axes
 61904 | Depths:3 | Found a radiant altar of Vehumet.
 61985 | Depths:3 | Noticed Xtahua
 61992 | Depths:3 | Killed Xtahua
 62136 | Depths:3 | Found a one-way gate to the infinite horrors of the Abyss.
 62475 | Depths:4 | Entered Level 4 of the Depths
 62525 | Depths:4 | Noticed a caustic shrike
 62532 | Depths:4 | Noticed a caustic shrike
 62533 | Depths:4 | Killed a caustic shrike
 62538 | Depths:4 | Killed a caustic shrike
 62549 | Depths:4 | Noticed a caustic shrike
 62553 | Depths:4 | Killed a caustic shrike
 62772 | Depths:4 | Found a flickering gateway to a bazaar.
 62778 | Bazaar   | Entered a bazaar
 62778 | Bazaar   | Found Kaxtyt's Antique Armour Shop.
 62778 | Bazaar   | Found Fathiv's Antique Weapon Shop.
 62938 | Bazaar   | Found Dosk's Distillery.
 62960 | Bazaar   | Bought a faintly glowing buckler for 228 gold pieces
 62960 | Bazaar   | Identified the +2 buckler of Imperfection {Drain Str+3
                  | SInv} (You bought it in a shop in a bazaar)
 62975 | Bazaar   | Bought a potion of curing for 24 gold pieces
 62975 | Bazaar   | Bought a potion of ambrosia for 64 gold pieces
 62975 | Bazaar   | Bought a potion of heal wounds for 40 gold pieces
 63564 | Depths:4 | Found a gate to the Realm of Zot.
 63606 | Depths:4 | Found a broken altar of Ashenzari.
 63692 | Depths:4 | Found a hide-covered altar of Uskayaw.
 64192 | Vaults:5 | Entered Level 5 of the Vaults
 64402 | Vaults:5 | Noticed an ancient lich
 64414 | Vaults:5 | Killed an ancient lich
 64415 | Vaults:5 | Reached XP level 25. HP: 120/188 MP: 32/45
 64754 | Vaults:5 | Identified the +10 great sword of Balance {flame, Dex+2}
 64759 | Vaults:5 | Identified the +7 flail of Dung {drain, Drain rN++ Int+4}
 64828 | Vaults:5 | Reached skill level 15 in Armour
 64861 | Vaults:5 | Identified the +3 flail "Gemn" {drain, Will+ Str+3}
 65203 | Vaults:5 | Found the +2 pair of slick slippers {slick, slippery, EV+4}
 65205 | Vaults:5 | Noticed an ancient lich
 65219 | Vaults:5 | Killed an ancient lich
 65434 | Vaults:5 | Identified the staff "Pamuuck" {rElec rPois Air}
 65560 | Vaults:5 | Identified the ring "Inloex" {Will+ rCorr SInv}
 65564 | Vaults:5 | Identified the ring "Uqyr Ykk" {rPois rF+ rN+ rCorr}
 66027 | Vaults:5 | Got a silver rune of Zot
 66210 | Vaults:5 | Got the Cyclopedia of Graupel
 66981 | Shoals:3 | Bought a glowing scarf for 240 gold pieces
 67374 | Zot:1    | Entered Level 1 of the Realm of Zot
 68288 | Zot:1    | Noticed an orb of fire
 68300 | Zot:1    | Killed an orb of fire
 69511 | Zot:1    | Reached XP level 26. HP: 196/196 MP: 39/45
 69951 | Zot:1    | Identified the +4 great sword "Biagg" {heavy, rPois}
 70365 | Zot:2    | Reached skill level 15 in Dodging
 70747 | Zot:2    | Identified the +3 trident "Fish" {drain, Str+3}
 70920 | Zot:2    | Identified the +9 great mace of the Trees {venom, rN+ rCorr
                  | Int-5 Dex+2}
 71781 | Zot:3    | Noticed Parghit
 71786 | Zot:3    | Killed Parghit
 72616 | Zot:3    | Reached skill level 18 in Air Magic
 72999 | Zot:3    | Acquired the amulet of Temperance {RegenMP rC- rN+ Int+5
                  | Stlth+}
 73001 | Zot:3    | Acquired 718 gold pieces
 73003 | Zot:3    | Acquired the +1 kite shield "Diriwipo" {Str+5}
 73173 | Zot:3    | Noticed a Killer Klown
 73182 | Zot:3    | Killed a Killer Klown
 73686 | Zot:3    | Gained mutation: You occasionally shout uncontrollably at
                  | your foes. [mutagenic glow]
 74070 | Zot:4    | Reached XP level 27. HP: 142/201 MP: 20/46
 74318 | Zot:4    | Found a runed translucent gate.
 74318 | Zot:4    | Found a runed translucent gate.
 74318 | Zot:4    | Found a runed translucent gate.
 74318 | Zot:4    | Found an ancient bone altar of Kikubaaqudgha.
 74318 | Zot:4    | Noticed an ancient lich
 74318 | Zot:4    | Noticed Sundig's ghost (master DsFi)
 74318 | Zot:4    | Noticed a dread lich
 74318 | Zot:4    | Noticed a dread lich
 74320 | Zot:4    | Noticed jestert79's ghost (legendary GnSh)
 74325 | Zot:4    | Reached skill level 19 in Air Magic
 74853 | Zot:5    | Entered Level 5 of the Realm of Zot
 75158 | Zot:5    | Noticed an ancient lich
 75162 | Zot:5    | Killed an ancient lich
 75188 | Zot:5    | Noticed an orb of fire
 75192 | Zot:5    | Killed an orb of fire
 75466 | Zot:5    | Reached skill level 20 in Air Magic
 75998 | Slime:1  | Entered Level 1 of the Pits of Slime
 76208 | Slime:4  | Gained mutation: Potions are less effective at restoring
                  | your health. [a shining eye]
 76295 | Slime:4  | Gained mutation: You have sharp toenails. [a shining eye]
 76390 | Slime:5  | Entered Level 5 of the Pits of Slime
 76606 | Slime:5  | Noticed the Royal Jelly
 76611 | Slime:5  | Killed the Royal Jelly
 76790 | Slime:5  | Reached skill level 21 in Air Magic
 76939 | Slime:5  | Identified the +0 arbalest of Intuition {heavy, rC+}
 76940 | Slime:5  | Identified the +6 halberd of Disaster {heavy, Will++ Int+3}
 76943 | Slime:5  | Identified the +6 sling "Bosa" {heavy, rElec rN+++ rCorr
                  | Dex-5}
 76974 | Slime:5  | Identified the +0 helmet of Waew {+Blink +Inv rElec Int-5}
 76978 | Slime:5  | Identified the +3 leather armour "Wekib" {Int+2}
 76982 | Slime:5  | Got a slimy rune of Zot
 76985 | Slime:5  | Identified the +10 great mace "Bisuwi" {antimagic, Dex+3}
 76992 | Slime:5  | Identified the +1 leather armour of Huot {rF+ Str+5}
 77769 | Hell     | Entered the Vestibule of Hell
 77769 | Hell     | Noticed Geryon
 77772 | Hell     | Killed Geryon
 78280 | Hell     | Noticed Murray
 78297 | Depths:1 | Killed Murray
 78989 | Hell     | Found a gateway to the decaying netherworld of Tartarus.
 79136 | Hell     | Paralysed by a wendigo for 1 turns
 79195 | Hell     | Found a gateway to the freezing wastes of Cocytus.
 79259 | Hell     | Found a gateway to the Iron City of Dis.
 79277 | Hell     | Found a gateway to the ashen valley of Gehenna.
 79603 | Zot:5    | Noticed a dread lich
 79610 | Zot:5    | Killed a dread lich
 79611 | Zot:5    | Noticed a dread lich
 79619 | Zot:5    | Killed a dread lich
 79837 | Zot:5    | Noticed an orb of fire
 79838 | Zot:5    | Gained mutation: You have hidden genetic defects. [an orb
                  | of fire]
 79839 | Zot:5    | Gained mutation: You occasionally lose the ability to read
                  | scrolls when taking damage. [an orb of fire]
 79842 | Zot:5    | Reached skill level 15 in Shields
 79842 | Zot:5    | Killed an orb of fire
 79845 | Zot:5    | Noticed an orb of fire
 79856 | Zot:5    | Killed an orb of fire
 79983 | Zot:5    | Noticed an orb of fire
 79987 | Zot:5    | Killed an orb of fire
 80053 | Zot:5    | Lost mutation: You are frail. (-10% HP) [potion of
                  | mutation]
 80053 | Zot:5    | Lost mutation: You have hidden genetic defects. [potion of
                  | mutation]
 80053 | Zot:5    | Lost mutation: You occasionally shout uncontrollably at
                  | your foes. [potion of mutation]
 80053 | Zot:5    | Gained mutation: You have a pair of small antennae on your
                  | head. [potion of mutation]
 80053 | Zot:5    | Gained mutation: Your magical capacity is low. (-10% MP)
                  | [potion of mutation]
 80054 | Zot:5    | Lost mutation: Potions are less effective at restoring your
                  | health. [potion of mutation]
 80054 | Zot:5    | Lost mutation: You occasionally lose the ability to read
                  | scrolls when taking damage. [potion of mutation]
 80054 | Zot:5    | Lost mutation: You have sharp toenails. [potion of
                  | mutation]
 80054 | Zot:5    | Gained mutation: You have large cloven feet. [potion of
                  | mutation]
 80207 | Zot:5    | Reached skill level 22 in Air Magic
 80915 | Zot:5    | Lost mutation: You have a pair of small antennae on your
                  | head. [potion of mutation]
 80915 | Zot:5    | Lost mutation: You have large cloven feet. [potion of
                  | mutation]
 80915 | Zot:5    | Gained mutation: You expend magic power (3 MP) to
                  | strengthen your wands. [potion of mutation]
 80915 | Zot:5    | Gained mutation: You are resistant to electric shocks.
                  | (rElec) [potion of mutation]
 80921 | Zot:5    | Got the Orb of Zot
 81032 | Zot:2    | Noticed Fockikuh the pandemonium lord
 81045 | Zot:2    | Killed Fockikuh the pandemonium lord
 81110 | Zot:1    | Lost mutation: Your body sometimes deteriorates upon taking
                  | damage. [a cacodemon]
 81139 | Depths:3 | Noticed Focwuenu the pandemonium lord
 81280 | D:11     | Noticed Cimusesuony the pandemonium lord
 81294 | D:11     | Killed Cimusesuony the pandemonium lord
 81387 | D:10     | Noticed Sica the pandemonium lord
 81495 | D:5      | Noticed a seraph
 81558 | D:$      | Escaped with the Orb!

Illustrated notes

Levels and vault maps discovered:
D:1:      wander_arrival_chamber, layout_rooms
D:2:      layout_rooms, hellmonk_ecumenical_altar_pennies_from_heaven,
          uniq_jessica, uniq_robin
D:3:      layout_basic, mainiacjoe_overflow_tiny_flanked,
          lemuel_coloured_pillars_altar, serial_shops,
          nicolae_shop_rolling_square, nicolae_shop_window_shopping,
          kennysheep_crisscross
D:4:      layout_gridville, mainiacjoe_overflow_alcove_1,
          mainiacjoe_overflow_alcove_2, serial_bayou_lagoon_a,
          minmay_misc_feat_ornament, nicolae_concentric_dashed_squares_wild,
          uniq_edmund, uniq_grinder, uniq_eustachio, uniq_duvessa
D:5:      layout_layer_cave, serial_demonic, serial_demonic_f, serial_demonic_c,
          serial_demonic_e, serial_demonic_f, st_stairs_2, uniq_ijyb
D:6:      layout_basic, fedhas_ov_isle_minmay, lightli_sewer_entry_pipes,
          nicolae_grassy_gnolls, uniq_prince_ribbit1
D:7:      lemuel_insect_pit, layout_layer_cave,
          gammafunk_temple_overflow_forgotten, minmay_temple_entry_butterflies,
          chequers_serial_rivers_micro_b, hex_tiny
D:8:      layout_cave_pools, nicolae_gozag_cash_rules_everything_around_me,
          dk_xom_monty_hall, enter_bailey_5, worms_lemuel, uniq_erica,
          uniq_amaemon, uniq_psyche
D:9:      gammafunk_boulding_lane, layout_loops_ring, old_standard_altar,
          serial_shops, nicolae_shop_back_alley_shop
D:10:     layout_basic, due_lair_maze_entry_diamond, minivault_10, uniq_harold,
          uniq_grum
D:11:     layout_roguey, orc_0_dummy, uniq_maurice
D:12:     layout_roguey [special_room_orc], serial_shops, kennysheep_mini_moat,
          minmay_st_funbox, chequers_jeans, nicolae_shop_unique_rings
D:13:     layout_cave_pods, nicolae_diode_quadrants
D:14:     layout_loops_ring, hellmonk_vaults_keyhole,
          nicolae_dithmenos_through_a_glass_darkly, serial_shops,
          nicolae_shop_getting_attention, serial_rivers,
          chequers_serial_rivers_small_3, chequers_serial_rivers_marsh,
          chequers_serial_rivers_room_a, chequers_serial_rivers_room_a,
          chequers_serial_rivers_micro_c, chequers_serial_rivers_micro_a
D:15:     hellmonk_depths_entry_around_the_bend, layout_irregular_city,
          bh_walls_and_bars, uniq_josephine
Lair:1:   layout_long_grid, minmay_hedge_maze, lemuel_fruit_tree,
          grunt_megastairs_4, infiniplex_staircase_pool_2
Lair:2:   layout_loops_ring, portal_ice_cave_entry_ice_simulacra
Lair:3:   layout_cave_pods, nicolae_shoals_entry_flooding,
          nicolae_spider_entry_tight_spaces, gammafunk_ghost_ooze,
          grunt_megastairs_2, serial_bayou_shore_b
Lair:4:   layout_roguey, minmay_slime_entry_pillars
Lair:5:   hangedman_lair_tendril_chambers, layout_gridlike, serial_bayou_ford_a,
          uniq_snorg
Shoals:1: layout_shoals
Shoals:2: layout_shoals, nicolae_shoals_dead_sea_scrolls
Shoals:3: layout_shoals, serial_shops, shop_statue, ebering_ghost_xom,
          uniq_bai_suzhen, uniq_ilsuiw, uniq_polyphemus, uniq_mara
Shoals:4: shoals_end_grunt_ice, layout_shoals, nicolae_shoals_hunting_party,
          uniq_mlioglotl
Spider:1: layout_spider_delve
Spider:2: layout_spider_delve, nicolae_spider_baby_got_redback, uniq_arachne
Spider:3: layout_chambers, nicolae_spider_circle_web
Spider:4: grunt_spider_rune_island, drop_trap
Slime:1:  layout_caves, nicolae_slime_getting_an_eyeful
Slime:2:  layout_caves
Slime:3:  layout_caves
Slime:4:  layout_caves
Slime:5:  slime_pit_nicolae_block_by_block
Orc:1:    layout_caves, kennysheep_orc_sif_temple, uniq_fannar
Orc:2:    st_orc_town, layout_caves, gammafunk_ghost_split
Elf:1:    layout_gridlike, minmay_elf_sorcery, minmay_shop_grove
Elf:2:    nicolae_elf_blades_splatter_lattice [nicolae_blade_lattice],
          layout_loops_cross, uniq_louise, uniq_norris
Elf:3:    minmay_elf_hall_spiked, layout_loops_cross, basic_altar, serial_shops,
          shop, minmay_misc_feat_cross, nicolae_rare_books,
          guppyfry_library_mini
Vaults:1: vaults_mumra_minichess_inversion, vaults_room_grunt_arrival_ludios,
          nicolae_vaults_little_squares_2, nicolae_vaults_three_branches,
          nicolae_vaults_little_squares_3, nicolae_vaults_asterisk,
          nicolae_vaults_apartment_2, vaults_room_pools, v_misc_14, v_misc_11,
          hangedman_vaults_capsules, layout_vaults_ring
Vaults:2: st_cross, nicolae_vaults_taking_the_gang_shopping,
          vaults_room_hallway, minmay_crypt_entry_simple_plaza,
          nicolae_vaults_heist, vaults_room_large_hall, v_misc_17,
          v_alt_pattern_5, v_misc_28, nicolae_vaults_storage_room_glass,
          nicolae_vaults_trapezoid_lopsided_1, nicolae_vaults_shelves_hall,
          dpeg_vaults_monster_box, nicolae_vaults_house_2,
          nicolae_vaults_double_plus_1, layout_vaults_maze_snakey
Vaults:3: hangedman_vaults_stream, nicolae_vaults_network_s,
          nicolae_vaults_cochlea, lightli_church_of_beogh,
          ontoclasm_vaults_bender, vaults_room_ringed_pool,
          grunt_vaults_trifunnel, vaults_mumra_minichess, v_misc_26, v_misc_15,
          nicolae_vaults_house_1, layout_vaults_big_cross
Vaults:4: nicolae_vaults_thirteen_compartments, nicolae_vaults_network_barrier,
          nicolae_vaults_hallways_thing, vaults_mumra_hex,
          ontoclasm_vaults_ring_small, nicolae_vaults_surprise_closet,
          vaults_room_pools, nicolae_vaults_diamond_2,
          nicolae_vaults_hexular_roomagon, hangedman_vaults_snaps,
          layout_vaults_quadrants
Vaults:5: serial_shops
Depths:1: nzn_winding_woodlands_three_and_one
          [nzn_winding_woodlands_5x15_lazy_stream,
          nzn_winding_woodlands_5x15_pathside_ponds,
          nzn_winding_woodlands_5x15_pool, nzn_winding_woodlands_center_garden],
          layout_small_grid, enter_ziggurat_c, pf_vacation_house_of_asmodeus,
          nicolae_ru_sacrificial_ziggurat
Depths:2: minmay_tri_box, layout_gridlike, pf_hell_entry_tar_river,
          hellmonk_ghost_big_iron, rand_demon_pan_entry_7,
          amcnicky_mini_rare_corridor_liquid, hangedman_summoners_spam
Depths:3: minmay_box_of_statues, layout_cave_shapes,
          abyss_entry_small_statue_room, basic_altar, hell_entry, uniq_xtahua
Depths:4: grunt_zot_entry_alcove, layout_basic, grunt_hell_horde, serial_rivers,
          chequers_serial_rivers_room_b, chequers_serial_rivers_small_3,
          chequers_serial_rivers_large_a, chequers_serial_rivers_large_b,
          chequers_serial_rivers_small_3, basic_altar, serial_shops,
          bzr_entry_safe, rand_demon_pan_entry_8, abyss_entry,
          nicolae_ashenzari_skybound
Hell
Zot:1:    layout_misc_corridors, regret_index_zotdec_twisting_globes,
          zot_minivault_1
Zot:2:    kennysheep_spiral_hall, layout_basic
Zot:3:    layout_misc_corridors, regret_index_zotdec_zees, grunt_megastairs_3,
          uniq_parghit
Zot:4:    layout_onion, gammafunk_ghost_crypt, grunt_megastairs_1
Zot:5:    layout_cathedral_of_symmetry

Skill      XL: |  1  2  3  4  5  6  7  8  9 10 11 12 13 14 15 16 17 18 19 20 21 22 23 24 25 26 27 |
---------------+----------------------------------------------------------------------------------+-----
Poison Magic   | 4 5 6 7 8 9 11 | 11.1
Spellcasting   | 3 5 8 10 12 13 14 16 17 18 19 21 | 21.0
Fighting       | 2 5 6 7 9 12 16 18 19 20 | 20.0
Evocations     | 1 5 11 12 13 | 13.0
Summonings     | 5 6 9 |  9.0
Invocations    | 4 5 7 11 12 13 14 | 14.7
Shields        | 1 2 4 7 10 15 | 15.0
Earth Magic    | 2 6 8 |  8.0
Transmutations | 6 8 9 |  9.0
Armour         | 1 7 10 12 14 19 20 | 20.0
Stealth        | 8 10 | 10.0
Dodging        | 4 9 10 11 13 16 | 16.0
Air Magic      | 9 14 15 17 18 22 | 22.0
Axes           | 3 14 18 | 18.0

Action                     |  1- 3 |  4- 6 |  7- 9 | 10-12 | 13-15 | 16-18 | 19-21 | 22-24 | 25-27 || total
---------------------------+-------+-------+-------+-------+-------+-------+-------+-------+-------++-------
  Melee: Dagger            |    10 |       |     1 |       |       |       |       |       |       ||    11
         Staff             |    10 |    39 |   196 |   125 |   330 |   427 |   454 |   346 |       ||  1927
         Punch             |       |     1 |     4 |     3 |       |       |       |       |       ||     8
         Short sword       |       |       |    38 |       |       |       |       |       |       ||    38
         Scimitar          |       |       |       |     1 |       |       |       |       |       ||     1
         Broad axe         |       |       |       |       |       |       |       |   505 |  1754 ||  2259
   Cast: Sting             |    46 |   113 |   169 |    12 |       |       |       |       |       ||   340
         Poisonous Vapours |       |     8 |     1 |       |       |       |       |       |       ||     9
         Mephitic Cloud    |       |     1 |    13 |    16 |    12 |     5 |    10 |       |       ||    57
         Olgreb's Toxic Ra |       |       |    18 |    75 |   192 |   301 |   186 |   175 |   127 ||  1074
         Call Canine Famil |       |       |     2 |    23 |     1 |       |       |       |       ||    26
         Animate Armour    |       |       |       |     8 |    88 |    66 |    24 |     9 |       ||   195
         Lee's Rapid Decon |       |       |       |       |    40 |    24 |    23 |    18 |       ||   105
         Summon Lightning  |       |       |       |       |     7 |     3 |     1 |       |       ||    11
         Irradiate         |       |       |       |       |       |    56 |    40 |    73 |    48 ||   217
         Ignite Poison     |       |       |       |       |       |    43 |    90 |    58 |    14 ||   205
         Eringya's Noxious |       |       |       |       |       |     2 |     1 |       |     5 ||     8
         Maxwell's Capacit |       |       |       |       |       |       |    12 |    35 |    47 ||    94
         Plasma Beam       |       |       |       |       |       |       |       |    11 |     7 ||    18
 Invoke: Slouch            |       |       |       |       |     6 |     4 |    13 |    11 |    17 ||    51
         Step From Time    |       |       |       |       |       |       |       |     2 |     2 ||     4
         Temporal Distorti |       |       |       |       |       |       |       |     1 |       ||     1
Ability: Hop               |       |     2 |     1 |     3 |       |     1 |       |     2 |     6 ||    15
  Evoke: Wand              |       |       |     8 |     6 |     9 |    11 |    11 |     2 |    15 ||    62
         Box of beasts     |       |       |       |       |       |       |     1 |     2 |       ||     3
    Use: Scroll            |     3 |     3 |     3 |     3 |    13 |     9 |     5 |    17 |    28 ||    84
         Potion            |       |       |     1 |     5 |     1 |     1 |     3 |    17 |    15 ||    43
   Stab: Sleeping          |       |       |     2 |       |     2 |       |     4 |     6 |     2 ||    16
         Distracted        |       |       |       |     2 |     5 |     7 |     1 |     1 |       ||    16
         Confused          |       |       |       |       |       |     1 |     1 |       |     3 ||     5
         Paralysed         |       |       |       |       |       |       |    10 |       |     2 ||    12
         Invisible         |       |       |       |       |       |       |       |     1 |       ||     1
 Armour: Robe              |    27 |    53 |   322 |    90 |       |       |       |       |       ||   492
         Ring mail         |       |       |       |    17 |       |       |       |       |       ||    17
         Acid dragon scale |       |       |       |    14 |   386 |   681 |   637 |   507 |       ||  2225
         Fire dragon scale |       |       |       |       |       |       |       |   333 |   599 ||   932
         Gold dragon scale |       |       |       |       |       |       |       |       |  1000 ||  1000
  Dodge: Dodged            |    32 |    90 |   313 |   115 |   298 |   743 |   711 |   785 |  1294 ||  4381
  Block: Buckler           |       |       |       |    12 |   159 |   355 |   259 |   423 |   351 ||  1559
         Kite shield       |       |       |       |       |       |       |       |       |  1206 ||  1206

Table legend: (Time is in decaauts)
 A = Elapsed time spent in this place.
 B = Non-inter-level travel time spent in this place.
 C = Inter-level travel time spent in this place.
 D = Time resting spent in this place.
 E = Time spent auto-exploring this place.
 F = Levels seen in this place.
 G = Mean time per level.
                   A        B        C        D        E       F      G
               +--------+--------+--------+--------+--------+-----+--------+
         Total | 135868 | 115162 |  20706 |   7499 |  77742 |  57 | 2383.6 |
       Dungeon |  35603 |  26784 |   8819 |   1650 |  19150 |  15 | 2373.5 |
          Lair |  13788 |  10934 |   2854 |     25 |   8116 |   5 | 2757.6 |
        Shoals |   9870 |   8287 |   1583 |    484 |   5194 |   4 | 2467.5 |
   Spider Nest |  11683 |  10999 |    684 |    149 |   8711 |   4 | 2920.8 |
    Slime Pits |   1702 |   1547 |    155 |    236 |    689 |   5 |  340.4 |
  Orcish Mines |   3853 |   3413 |    440 |    314 |   2100 |   2 | 1926.5 |
   Elven Halls |  10230 |   9316 |    914 |    132 |   6945 |   3 | 3410.0 |
        Vaults |  17016 |  14367 |   2649 |    413 |  10035 |   5 | 3403.2 |
        Depths |  14199 |  12805 |   1394 |   2125 |   7854 |   4 | 3549.8 |
          Hell |    881 |    846 |     35 |      0 |    502 |   1 |  881.0 |
           Zot |  13581 |  12406 |   1175 |   1430 |   6966 |   5 | 2716.2 |
        Bazaar |    363 |    363 |      0 |      0 |    229 |   1 |  363.0 |
         Sewer |    548 |    548 |      0 |     19 |    154 |   1 |  548.0 |
        Bailey |    892 |    892 |      0 |    373 |    132 |   1 |  892.0 |
      Ice Cave |   1652 |   1652 |      0 |    148 |    958 |   1 | 1652.0 |
               +--------+--------+--------+--------+--------+-----+--------+

Top non-repeatable levels by time:
  Lair:3: 5174 daAuts
    D:10: 4917 daAuts
   Elf:2: 4611 daAuts
Depths:1: 4289 daAuts
Depths:2: 4222 daAuts
Vaults:5: 4172 daAuts
   Zot:2: 3759 daAuts
Spider:3: 3739 daAuts
    D:14: 3542 daAuts
Spider:4: 3501 daAuts
Vaults:2: 3480 daAuts
Vaults:3: 3434 daAuts
Vaults:4: 3365 daAuts
Depths:4: 3323 daAuts
    D:15: 3270 daAuts
